 Dungeon Crawl Stone Soup version 0.19-a0-1268-g6c5d9f8 (webtiles) character file.

471 dvd the Covered (level 6, 0/126 HPs)
             Began as a Minotaur Fighter on Aug 29, 2016.
             Slain by a worker ant (4 damage)
             ... on level 4 of the Dungeon.
             The game lasted 00:07:11 (3283 turns).

dvd the Covered (Minotaur Fighter)                  Turns: 3283, Time: 00:07:11

Health: 0/126      AC: 23    Str: 25    XL:     6   Next: 83%
Magic:  5/5        EV:  2    Int:  8    God:
Gold:   142        SH: 10    Dex: 12    Spells: 0 memorised, 5 levels left

rFire  . . .     SeeInvis .     a - +1 long sword
rCold  . . .     Gourm    .     (armour currently unavailable)
rNeg   + + +     Faith    .     c - +0 shield
rPois  +         Spirit   .     (helmet currently unavailable)
rElec  .         Dismiss  .     (cloak currently unavailable)
rCorr  .         Reflect  .     (gloves currently unavailable)
MR     +....     Harm     .     (boots currently unavailable)
Stlth  .......... NoTele   +    s - amulet of magic regeneration
                                x - ring of protection from magic
                                n - +3 ring of intelligence

@: berserking, lethally poisoned (0 -> -1), tree-form, very quick
A: (retaliatory headbutt), (horns 0)
a: no special abilities


You were on level 4 of the Dungeon.
You were not hungry.
You were a tree.
You visited 1 branch of the dungeon, and saw 4 of its levels.

You collected 142 gold pieces.

Inventory:

Hand Weapons
 a - a +1 long sword (weapon)
Armour
 b - a +0 scale mail (melded)
 c - a +0 shield (worn)
Jewellery
 h - a +3 ring of intelligence
 l - an uncursed ring of ice
 n - a +3 ring of intelligence (left branch)
 s - an amulet of magic regeneration (around neck)
 x - a ring of protection from magic (right branch)
Wands
 v - a wand of iceblast (5/15)
Scrolls
 e - a scroll of amnesia
 j - a scroll of blinking
 m - 2 scrolls of identify
 o - a scroll of enchant weapon
Potions
 d - 2 potions of might
 p - a potion of mutation {unknown}
 r - a potion of brilliance {unknown}
 t - a potion of lignification
 z - a potion of flight {unknown}
 A - a potion of cure mutation {unknown}
Comestibles
 f - 5 bread rations
 g - 10 fruits
 k - a slice of pizza
 q - 7 chunks of flesh
 w - a royal jelly


   Skills:
 + Level 5.2 Fighting
 + Level 4.4 Long Blades
 + Level 5.5 Armour
 + Level 2.6 Dodging
 + Level 0.1 Stealth
 + Level 5.3 Shields


You had 5 spell levels left.
You didn't know any spells.

Dungeon Overview and Level Annotations

Branches:
Dungeon (4/15)
 Temple: D:4-7

Altars:
Ashenzari
Vehumet


Innate Abilities, Weirdness & Mutations

((You reflexively headbutt those who attack you in melee.))
((You have a pair of horns on your head.))


Message History

The magic dart hits you!
* * * LOW HITPOINT WARNING * * *
The worker ant bites you but does no damage.
It was a potion of lignification.
You turn into a tree.
Your +0 scale mail melds into your body.
Your roots penetrate the ground.
* * * LOW HITPOINT WARNING * * *
You feel sick. You block the worker ant's attack.
It was a potion of berserk rage.
A red film seems to cover your vision as you go berserk!
You feel yourself moving faster!
You feel mighty!
The orc wizard casts a spell.
The orc wizard seems to speed up.
The worker ant bites you but does no damage.
You are too berserk!
You slash the orc wizard!
The orc wizard is almost dead.
The orc wizard hits you but does no damage.
The worker ant bites you.
You die...

#######
#.........
.......
..........
#######
.........# #
.........# #
.........+ #
.........# #
......)).# #
......o♣.#
#####
......a[.#
#....
.........#####
#. #....
..#####......#
.. +.... .
#......#
..#...#
#.###..#
#.#..## ##.##
..# #.#...#
#.####...##..##
#...÷..
#......_......#
##....#


You could see a worker ant and an orc wizard.

Vanquished Creatures
  A hound (D:4)
  3 orc priests (D:4)
  An iguana (D:4)
  3 orc wizards (D:3)
  A worker ant (D:3)
  8 gnolls
  5 adders
  2 worms (D:3)
  2 dart slugs (D:3)
  3 giant geckos
  16 orcs
  3 ball pythons
  3 giant cockroaches
  A goblin (D:3)
  11 hobgoblins
  8 jackals
  4 kobolds
  5 bats
  A giant newt (D:1)
  8 rats
89 creatures vanquished.

Notes
Turn   | Place    | Note
-------+----------+-------------------------------------------
     0 | D:1      | dvd the Minotaur Fighter began the quest for the Orb.
     0 | D:1      | Reached XP level 1. HP: 19/19 MP: 0/0
    84 | D:1      | Reached XP level 2. HP: 12/27 MP: 1/1
   758 | D:1      | Reached XP level 3. HP: 32/34 MP: 2/2
  1360 | D:3      | Reached XP level 4. HP: 18/41 MP: 3/3
  1363 | D:3      | Reached skill level 1 in Dodging
  1371 | D:3      | Reached XP level 5. HP: 5/47 MP: 4/4
  1946 | D:3      | Reached skill level 5 in Armour
  2206 | D:3      | Reached skill level 5 in Fighting
  2206 | D:3      | Reached XP level 6. HP: 50/56 MP: 5/5
  2669 | D:3      | Reached skill level 5 in Shields
  3140 | D:4      | Found a radiant altar of Vehumet.
  3244 | D:4      | Found a shattered altar of Ashenzari.
  3280 | D:4      | HP: 2/56 [orc wizard/magic dart (9)]
  3283 | D:4      | Slain by a worker ant

Vault maps used:
D:1:      minmay_arrival_doors
D:2:      first_bread
D:4:      nicolae_overflow_crystal_walls, vehumet_crystals

Skill      XL: |  1  2  3  4  5  6 |
---------------+-------------------+-----
Fighting       | 4 5 |  5.2
Armour         | 4 5 |  5.5
Shields        | 4 5 |  5.3
Long Blades    | 3 4 |  4.4
Dodging        | 1 2 |  2.6
Stealth        | |  0.1

Action                   |  1- 3 |  4- 6 || total
-------------------------+-------+-------++-------
Melee: Long sword        |    99 |   185 ||   284
       Headbutt          |     6 |    32 ||    38
  Use: Scroll            |       |     5 ||     5
       Potion            |       |     2 ||     2
  Eat: Chunk             |     1 |     7 ||     8
Armor: Scale mail        |    38 |    58 ||    96
       Skin              |       |     2 ||     2
Dodge: Dodged            |    19 |    68 ||    87
Block: Shield            |    47 |   106 ||   153
